[Event "*** Titled Tuesday Blitz"]
[Site "Chess.com"]
[Date "2020.12.01"]
[Round "3"]
[White "mbojan"]
[Black "ExtremeLearner"]
[Result "1-0"]
[WhiteElo "2674"]
[BlackElo "2410"]
[TimeControl "180+1"]
[EndTime "10:28:26 PST"]
[Termination "mbojan won by resignation"]

1. b4 e6 2. Bb2 d5 3. e3 Nf6 4. b5 c5 5. bxc6 Nxc6 6. Nf3 Be7 7. c4 O-O 8. cxd5 exd5 9. Be2 Bg4 10. d4 Rc8 11. O-O Ne4 12. Nbd2 Nxd2 13. Nxd2 Bxe2 14.
Qxe2 Nb4 15. Rfc1 Nc2 16. Rab1 Qa5 17. Nb3 Qxa2 18. Nc5 Bxc5 19. dxc5 Rxc5 20. Qg4 f6 21. h4 Nxe3 22. Qe6+ Kh8 23. Qxe3 Rxc1+ 24. Qxc1 Qc4 25. Qd2 b5 26. Bd4 a6 27. h5 h6 28. Ra1 Re8 29. Rxa6 Re2 30. Ra8+ Kh7 31. Qf4 Re1+ 32. Kh2 Qd3 33.
Qb8 Rh1+ 34. Kxh1 Qd1+ 35. Kh2 Qxh5+ 36. Kg3 Qg5+ 37. Kf3 Qf5+ 38. Qf4 Qd3+ 39. Qe3 Qf5+ 40. Kg3 h5 41. Kh2 Qg4 42. Ba1 Qh4+ 43. Qh3 Qf4+ 44.
Qg3 Qe4 45. Ra7 Qg4 46. Qxg4 hxg4 47. Kg3 Kg6 48. Kxg4 1-0

[Event "*** Titled Tuesday Blitz"]
[Site "Chess.com"]
[Date "2020.12.01"]
[Round "3"]
[White "PriSachu"]
[Black "lucachess49"]
[Result "0-1"]
[WhiteElo "2533"]
[BlackElo "2355"]
[TimeControl "180+1"]
[EndTime "10:28:26 PST"]
[Termination "lucachess49 won on time"]

1. e4 e5 2. Nf3 Nc6 3. Bb5 a6 4. Ba4 Nf6 5. O-O Be7 6. Re1 b5 7. Bb3 d6 8. c3 O-O 9. h3 Na5 10. Bc2 c5 11. d4 Qc7 12. Nbd2 Bd7 13. Nf1 Nc4 14. b3 Nb6 15. d5 c4 16. Ba3 Rfc8 17. Nxe5 dxe5 18. d6 Bxd6 19. Bxd6 Qc6 20. Bxe5 Re8 21.
Bd4 Rad8 22. e5 Nfd5 23. Qh5 h6 24. Be4 Be6 25. Rad1 Qc7 26. Ng3 cxb3 27. axb3 Nxc3 28. Rd3 Nxe4 29. Nxe4 Nd5 30. Rg3 Kh8 31. Ng5 Nf4 32.
Qh4 Rxd4 33. Re4 Rxe4 34. Nxe4 Qc1+ 35. Kh2 Ne2 0-1

[Event "*** Titled Tuesday Blitz"]
[Site "Chess.com"]
[Date "2020.12.01"]
[Round "3"]
[White "MomchilPetkov"]
[Black "gmpeter008"]
[Result "1/2-1/2"]
[WhiteElo "2663"]
[BlackElo "2431"]
[TimeControl "180+1"]
[EndTime "10:28:27 PST"]
[Termination "Game drawn by repetition"]

1. Nf3 Nf6 2. b3 c5 3. Bb2 Nc6 4. e3 e6 5. Be2 Be7 6. O-O O-O 7. c4 d5 8. cxd5 exd5 9. d4 Ne4 10. Nc3 cxd4 11.
Nxd4 Nxd4 12. exd4 Nxc3 13. Bxc3 Be6 14. Bd3 Qd7 15.
h3 Rac8 16. Bb2 Bf5 17. Re1 Bf6 18. Qf3 Bxd3 19. Qxd3 Rfe8 20. Rxe8+ Rxe8 21. Rc1 g6 22. a4 h5 23. Qf3 Kg7 24. Kh2 Re4 25. Rc2 h4 26. Re2 Qc7+ 27. Kg1 Rxe2 28. Qxe2 Qf4 29. Qe3 Qxe3 30. fxe3 g5 31. Ba3 Kg6 32. Kf2 Kf5 33. Kf3 Bd8 34. Bc5 a6 35. Bb4 Bc7 36. Be7 Bg3 37.
Bb4 Bh2 38. Bc5 Bg1 39. Ba3 Ke6 40. Bc5 f5 41. Bb6 Kf7 42. Bc7 Kg6 43. Ke2 b5 44.
axb5 axb5 45. Bd6 Kh5 46. Bc7 Kg6 47. Bd6 Kf6 48. Bc7 Kg6 1/2-1/2

[Event "*** Titled Tuesday Blitz"]
[Site "Chess.com"]
[Date "2020.12.01"]
[Round "3"]
[White "StockholmMissile"]
[Black "DanielDardha2005"]
[Result "0-1"]
[WhiteElo "2360"]
[BlackElo "2632"]
[TimeControl "180+1"]
[EndTime "10:28:27 PST"]
[Termination "DanielDardha2005 won on time"]

1. d4 Nf6 2. c4 c5 3. d5 a6 4. Qc2 b5 5. e4 d6 6. Nf3 g6 7. h3 Bg7 8. cxb5 O-O 9. b6 Qxb6 10. Nc3 a5 11. Be2 Ba6 12. O-O Bxe2 13. Qxe2 Qa6 14. Qc2 Nbd7 15. Re1 Ne8 16. Bg5 f6 17.
Bd2 Nc7 18. h4 Ne5 19. Nxe5 fxe5 20. h5 gxh5 21. Bg5 Bf6 22. Qd2 Nb5 23. Nxb5 Qxb5 24. Bh6 Rf7 25. Re3 Rb8 26. Rb3 Qe8 27. Qxa5 Ra8 28. Qd2 Bg7 29. Rg3 Kh8 30. Bxg7+ Rxg7 31. Rxg7 Kxg7 32. Qg5+ Kh8 33. Qf5 Qg6 34. Qxg6 hxg6 35. a4 Ra5 36. Kf1 Kg7 37. Ke2 Kf6 38. Kd3 Kg5 39.
Ke3 Kg4 40. Ra3 g5 41. Ra1 h4 42. Ra3 c4 43. Kd2 Kf4 44. Kc3 Kxe4 45. Kxc4 Rc5+ 46. Kb4 Kxd5 47. a5 Kc6 48. a6 Rb5+ 49. Kc4 d5+ 50. Kd3 Rb8 51. a7 Ra8 52. Ra5 e6 53. Ra6+ Kc5 54. Kc3 e4 55. b4+ Kb5 56. Ra5+ Kb6 57.
Kd4 Rxa7 0-1

[Event "*** Titled Tuesday Blitz"]
[Site "Chess.com"]
[Date "2020.12.01"]
[Round "3"]
[White "mamey78"]
[Black "RobertoJBM"]
[Result "1-0"]
[WhiteElo "2436"]
[BlackElo "2693"]
[TimeControl "180+1"]
[EndTime "10:28:27 PST"]
[Termination "mamey78 won on time"]

1. e4 c6 2. d4 d5 3. exd5 cxd5 4. c4 Nf6 5. Nc3 e6 6. Nf3 Be7 7. cxd5 Nxd5 8. Bc4 O-O 9. O-O Nc6 10. Re1 Bf6 11. Be3 Nce7 12. Qd3 Bd7 13. Rad1 Bc6 14. Ne5 Nxc3 15.
Nxc6 bxc6 16. bxc3 Nd5 17. Bc1 Qa5 18. Bd2 Rfd8 19.
Bb3 Qc7 20. Qf3 a5 21. c4 Ne7 22. Bf4 Qa7 23. Be5 Bxe5 24. dxe5 c5 25. Bc2 Qc7 26. Rd6 Rab8 27. Red1 Ng6 28. Qe4 Rxd6 29. exd6 Qd7 30. h4 Nf8 31. h5 h6 32. Qe5 Rc8 33. Be4 f6 34. Qc3 Qa4 35. Bc2 Qb4 36. Qd3 Rd8 37. Rb1 1-0

[Event "*** Titled Tuesday Blitz"]
[Site "Chess.com"]
[Date "2020.12.01"]
[Round "3"]
[White "kingofthenil"]
[Black "Teidi96"]
[Result "1-0"]
[WhiteElo "2741"]
[BlackElo "2271"]
[TimeControl "180+1"]
[EndTime "10:28:29 PST"]
[Termination "kingofthenil won on time"]

1. e4 c5 2. d3 g6 3. g3 Bg7 4.
Bg2 d6 5. f4 Nc6 6. Nf3 e6 7. O-O Nge7 8. c3 O-O 9. Be3 b5 10. d4 cxd4 11. cxd4 Rb8 12. Nc3 b4 13. Na4 Qa5 14. Re1 Ba6 15. b3 Rbc8 16. Qd2 Rfd8 17. Bf2 h6 18. g4 Rc7 19. Rad1 Rdc8 20. d5 exd5 21. exd5 Nd8 22. Nd4 Kh7 23. f5 Nxd5 24.
fxg6+ fxg6 25. Ne6 Nxe6 26. Rxe6 Nc3 27. Rde1 d5 28. Re7 Rxe7 29. Rxe7 Rc7 30. Bb6 Rxe7 31.
Bxa5 Re2 32. Qc1 Bd4+ 33. Kh1 Bf2 34. Nxc3 bxc3 35. Bxc3 d4 36. Bb4 Be3 37. Qc7+ Kh8 38. Qb8+ 1-0

[Event "*** Titled Tuesday Blitz"]
[Site "Chess.com"]
[Date "2020.12.01"]
[Round "3"]
[White "Misticpikachu"]
[Black "Fh2411"]
[Result "0-1"]
[WhiteElo "2347"]
[BlackElo "2560"]
[TimeControl "180+1"]
[EndTime "10:28:30 PST"]
[Termination "Fh2411 won by checkmate"]

1. c4 c6 2. Nf3 d5 3. e3 Nf6 4. Nc3 a6 5. b3 Bg4 6. Bb2 e6 7. Rc1 Nbd7 8. Be2 Bd6 9. O-O O-O 10. Qc2 Bf5 11. d3 Bg6 12. e4 dxe4 13. dxe4 e5 14.
Rfd1 Qe7 15. Qd2 Bb4 16. Bd3 Rfd8 17. Qe3 Nf8 18. Bc2 N6d7 19. Na4 Bh5 20. Bd3 Nc5 21. Nxc5 Bxc5 22. Qe2 f6 23. Bc2 Ne6 24. Rxd8+ Rxd8 25. g3 Bd4 26. Bd1 Bxb2 27. Qxb2 Rxd1+ 28. Rxd1 Bxf3 29. Rd3 Bxe4 30. Rd1 Nd4 31. b4 Qd7 32. Kf1 Qg4 33. Rxd4 exd4 34. Ke1 Bd3 35. Qd2 Qe4+ 36. Kd1 Qh1+ 37.
Qe1 Qxe1+ 38. Kxe1 Bxc4 39. Kd2 Kf7 40. a3 Ke6 41. f4 Kd5 42. Kc2 b6 43. Kd2 c5 44.
b5 axb5 45. h3 Ke4 46. h4 Bb3 47. a4 bxa4 48. Kc1 a3 49. h5 c4 50. h6 g6 51. f5 gxf5 52. g4 c3 53. gxf5 d3 54. Kb1 d2 55. Ka1 d1=Q# 0-1

[Event "*** Titled Tuesday Blitz"]
[Site "Chess.com"]
[Date "2020.12.01"]
[Round "3"]
[White "aa175"]
[Black "kagg1125"]
[Result "0-1"]
[WhiteElo "2339"]
[BlackElo "2550"]
[TimeControl "180+1"]
[EndTime "10:28:30 PST"]
[Termination "kagg1125 won by checkmate"]

1. d4 Nf6 2. Nf3 g6 3. Bf4 Bg7 4. e3 O-O 5. Be2 d5 6. O-O c5 7. c3 Nc6 8. Nbd2 Qb6 9. Qb3 c4 10. Qa3 Bf5 11. b3 cxb3 12. axb3 Rfc8 13. Rfc1 e6 14.
c4 Qb4 15. Qxb4 Nxb4 16. Bd6 Nc6 17. c5 h6 18. Ne5 Nxe5 19. Bxe5 g5 20. b4 Nd7 21.
Bxg7 Kxg7 22. Bb5 Nb8 23. Nb3 Nc6 24. Bxc6 bxc6 25. Ra4 Bd3 26. Rca1 a6 27. Na5 Rab8 28. f3 Kf6 29. Kf2 e5 30. dxe5+ Kxe5 31. Nb3 Bb5 32. R4a3 Bc4 33. Ra4 Bxb3 34. Rxa6 Bc4 35. Ra7 Ke6 36. f4 gxf4 37. exf4 Rxb4 38. Re1+ Kf6 39. Ree7 d4 40. Kf3 Bd5+ 41. Kg3 Rg8+ 42. Kh3 d3 43. g4 d2 44. g5+ hxg5 45. fxg5+ Rxg5 46. Rxf7+ Ke5 47. Rae7+ Kd4 48. Rf4+ Kxc5 49. Rc4+ Kxc4 50. Re4+ Bxe4 51. Kh4 d1=Q 52. h3 Qh5# 0-1

[Event "*** Titled Tuesday Blitz"]
[Site "Chess.com"]
[Date "2020.12.01"]
[Round "3"]
[White "ecwinslow"]
[Black "guillembaches"]
[Result "1-0"]
[WhiteElo "2239"]
[BlackElo "2394"]
[TimeControl "180+1"]
[EndTime "10:28:30 PST"]
[Termination "ecwinslow won on time"]

1. e4 c5 2. Nf3 d6 3. d4 cxd4 4.
Nxd4 Nf6 5. Nc3 a6 6. Bg5 e6 7. f4 Qb6 8. a3 h6 9. Bxf6 gxf6 10.
Qd2 Nc6 11. Nb3 Bd7 12. O-O-O O-O-O 13. Be2 h5 14. Rhf1 Be7 15. Kb1 Kb8 16. Rf3 Rdg8 17. g3 h4 18. a4 hxg3 19. hxg3 Rh3 20. g4 Rh2 21. Rg3 Na5 22. Nd5 exd5 23. Nxa5 Rxe2 24. Qxe2 Qxa5 25. exd5 Bd8 26. b3 Qb4 27. Qd2 Qxd2 28. Rxd2 Rxg4 29. Rxg4 Bxg4 30. Rg2 f5 31. Rh2 Bf3 32.
c4 Bb6 33. Rh7 Be3 34. Rxf7 Bxf4 35. Kc2 Be4+ 36. Kc3 a5 37. c5 Bxd5 38. Rxf5 Be5+ 39. Kd3 Bxb3 40. cxd6 Bxd6 41. Rxa5 Kc7 42. Kc3 Bd5 43. Rxd5 Kc6 44. Kc4 b6 45. Rh5 Kb7 46. Kb5 Bc5 47. a5 Bf2 48. Rh7+ 1-0

[Event "*** Titled Tuesday Blitz"]
[Site "Chess.com"]
[Date "2020.12.01"]
[Round "3"]
[White "Kovalchuk94"]
[Black "Ladislav1969"]
[Result "1-0"]
[WhiteElo "2561"]
[BlackElo "2347"]
[TimeControl "180+1"]
[EndTime "10:28:31 PST"]
[Termination "Kovalchuk94 won by resignation"]

1. e4 c5 2. Nf3 e6 3. d4 cxd4 4. Nxd4 a6 5. Bd3 Nc6 6. Nxc6 dxc6 7. O-O e5 8. Nd2 Nf6 9. Nc4 Qc7 10. Be3 b5 11.
Nb6 Rb8 12. Nxc8 Rxc8 13. a4 c5 14. axb5 c4 15. Be2 axb5 16. b3 Bc5 17. Bxc5 Qxc5 18. bxc4 bxc4 19. Ra4 Qb5 20. Qa1 O-O 21. Rb1 Qe8 22.
Bxc4 Nxe4 23. Re1 Nd6 24. Rxe5 Qc6 25. Bb3 Rfe8 26. Rf4 Ra8 27. Rxe8+ Qxe8 28. Qd1 Rd8 29. Rd4 Qe5 30. h3 g6 31. Rd5 Qf4 32. c4 Rb8 33.
Rxd6 Rxb3 34. Rd8+ Kg7 35. Qxb3 Qc1+ 36. Rd1 Qf4 37.
Qd3 f6 38. Qd4 Kh6 39. Qxf4+ g5 40. Qxf6+ 1-0

[Event "*** Titled Tuesday Blitz"]
[Site "Chess.com"]
[Date "2020.12.01"]
[Round "3"]
[White "RD4ever"]
[Black "Volodar_Murzin"]
[Result "1-0"]
[WhiteElo "2842"]
[BlackElo "2593"]
[TimeControl "180+1"]
[EndTime "10:28:32 PST"]
[Termination "RD4ever won by resignation"]

1. d4 Nf6 2. c4 g6 3. Nc3 Bg7 4. e4 O-O 5. Bg5 d6 6. Qd2 Nbd7 7. Be2 e5 8. d5 Nc5 9. f3 h6 10. Be3 a5 11. h4 h5 12. Nh3 Nh7 13. g4 hxg4 14.
fxg4 Bd7 15. O-O-O Bf6 16. g5 Be7 17. Rdg1 Kg7 18.
h5 Rh8 19. Nf2 Nf8 20. h6+ Kg8 21. Bg4 Nh7 22. Bxd7 Qxd7 23. Kb1 a4 24. Ng4 Qd8 25. Bxc5 dxc5 26. Nxe5 Bxg5 27. Qg2 Qf6 28. Ng4 Qd4 29.
Qe2 Qd2 30. Qxd2 Bxd2 31. Nb5 Rc8 32. e5 Bg5 33. Rf1 Nf8 34. Rh3 Rh7 35. Kc2 Kh8 36.
Nc3 Re8 37. Ne4 f5 38. Nxg5 fxg4 39. Nxh7 gxh3 40. Nxf8 h2 41. Nxg6+ Kh7 42. Nh4 Rxe5 43. Nf3 Rf5 44. Nxh2 Rxf1 45. Nxf1 1-0

[Event "*** Titled Tuesday Blitz"]
[Site "Chess.com"]
[Date "2020.12.01"]
[Round "3"]
[White "Gulkov_Igor"]
[Black "Gabrielian_Artur"]
[Result "1/2-1/2"]
[WhiteElo "2497"]
[BlackElo "2756"]
[TimeControl "180+1"]
[EndTime "10:28:32 PST"]
[Termination "Game drawn by repetition"]

1. Nf3 c5 2. c4 Nc6 3. d4 cxd4 4. Nxd4 Nf6 5. Nc3 e6 6. a3 d5 7. cxd5 exd5 8. g3 Bc5 9. Nxc6 bxc6 10. Bg2 O-O 11. O-O Re8 12. Bg5 h6 13. Bxf6 Qxf6 14. Rc1 Ba6 15. Bf3 Bb6 16. Na4 Re6 17. b4 Rae8 18.
Rc2 Bc4 19. Rxc4 dxc4 20. Qc2 Qd4 21. Kg2 Rd6 22. Nb2 c3 23. Na4 a5 24. Qxc3 Qxc3 25.
Nxc3 axb4 26. axb4 Rb8 27. Rc1 Bd4 28. Ne4 Re6 29.
Rc4 Bb6 30. Nd2 Bd8 31. Nb3 Rd6 32. Nd4 Rxb4 33. Rxb4 c5 34. Rb8 cxd4 35. Be4 g6 36.
Bd3 Kg7 37. h4 Rd7 38. Rb5 Bf6 39. h5 g5 40. Bf5 Rc7 41. Bd3 Re7 42. Kf3 Rc7 43.
Rb6 Ra7 44. Kg4 Re7 45. Kf5 Re5+ 46. Kg4 Re7 47. Kf5 Re5+ 48. Kg4 Rc5 49. Kf3 Re5 50. Kg4 1/2-1/2

[Event "*** Titled Tuesday Blitz"]
[Site "Chess.com"]
[Date "2020.12.01"]
[Round "3"]
[White "sergeikim"]
[Black "BAS8892"]
[Result "1/2-1/2"]
[WhiteElo "2516"]
[BlackElo "2713"]
[TimeControl "180+1"]
[EndTime "10:28:32 PST"]
[Termination "Game drawn by repetition"]

1. d4 Nf6 2. c4 g6 3. Nc3 Bg7 4. e4 d6 5. Nge2 O-O 6. Ng3 c5 7. d5 a6 8. a4 Nbd7 9. Be2 h5 10. Bg5 Ne5 11. Qd2 Nh7 12. Bh4 Re8 13. O-O Bd7 14. f4 Ng4 15. e5 dxe5 16. f5 Qb6 17. fxg6 Qxg6 18. h3 Bh6 19. Qd3 Be3+ 20. Kh1 Qxd3 21. Bxd3 Nf2+ 22. Rxf2 Bxf2 23. Nce4 Bd4 24. Nxh5 f5 25.
Ng5 Nxg5 26. Bxg5 e4 27. Be2 b5 28. Nf4 bxa4 29. Bh5 Rab8 30. Bxe8 Bxe8 31. Bxe7 Rxb2 32. Ne6 Kf7 33. Bxc5 Be5 34. Bd4 Kf6 35. Bxe5+ Kxe5 36. Nc5 Rc2 37. Nxa4 Bxa4 38. Rxa4 e3 39. Rxa6 Rxc4 40. Re6+ Kf4 41. Kh2 Rd4 42. d6 Rd3 43. Kg1 Rd2 44. Kf1 Rf2+ 45. Kg1 Rd2 46. Kf1 Rd1+ 47. Ke2 Rd2+ 48. Kf1 1/2-1/2

[Event "*** Titled Tuesday Blitz"]
[Site "Chess.com"]
[Date "2020.12.01"]
[Round "3"]
[White "Chesswizard_2007"]
[Black "GM_dmitrij"]
[Result "1-0"]
[WhiteElo "2677"]
[BlackElo "2946"]
[TimeControl "180+1"]
[EndTime "10:28:34 PST"]
[Termination "Chesswizard_2007 won on time"]

1. d4 Nf6 2. c4 g6 3. f3 Nc6 4. d5 Ne5 5. e4 d6 6. Nc3 c6 7. f4 Ned7 8. Nf3 cxd5 9. cxd5 Qa5 10. Bd3 Nc5 11. O-O Nxd3 12. Qxd3 Bg7 13. e5 Bf5 14.
Qd2 Qc5+ 15. Kh1 Ne4 16. Nxe4 Bxe4 17. exd6 Qxd6 18. Ng5 Bxd5 19. Qf2 O-O 20. Be3 h6 21. Nf3 b6 22. Rfd1 Qc6 23. Nd4 Qb7 24. f5 g5 25. h4 g4 26. f6 Bxf6 27. Bxh6 Rfd8 28. Nf5 Be4 29. Bg5 Bxg5 30. hxg5 Bxf5 31. Qxf5 Rxd1+ 32. Rxd1 Qc8 33. Qe4 Rb8 34. g6 Qe6 35. gxf7+ Qxf7 36. Qxg4+ Qg7 37. Qe6+ Qf7 38. Qg4+ Qg7 39. Qxg7+ Kxg7 40. Rd7 Kf6 41. Rxa7 e5 42. Kg1 Rc8 43. Ra6 1-0

[Event "*** Titled Tuesday Blitz"]
[Site "Chess.com"]
[Date "2020.12.01"]
[Round "3"]
[White "Zkid"]
[Black "Oglob71"]
[Result "1-0"]
[WhiteElo "2785"]
[BlackElo "2440"]
[TimeControl "180+1"]
[EndTime "10:28:34 PST"]
[Termination "Zkid won by checkmate"]

1. e4 c5 2. Nf3 d6 3. d4 cxd4 4. Nxd4 Nf6 5. f3 Nc6 6. c4 e6 7.
Nc3 Be7 8. Be3 O-O 9. Qd2 a6 10.
Be2 Ne5 11. O-O Qc7 12. Rac1 b6 13. b3 Bb7 14. Kh1 Rac8 15. g4 h6 16. g5 hxg5 17. Bxg5 Nh5 18. Rg1 Ng6 19. Nxe6 fxe6 20. Bxe7 Qxe7 21.
Rxg6 Nf4 22. Rg4 e5 23. Rcg1 Rf7 24. c5 Rxc5 25. Bc4 d5 26. exd5 Qd6 27. Ne4 Qh6 28. Nxc5 bxc5 29. R1g3 Kf8 30. d6 Rd7 31. Rxg7 Qxg7 32.
Rxg7 Kxg7 33. Qe3 Kf6 34. Kg1 Rxd6 35. Qxc5 Rd2 36. Qb6+ Kg5 37. Qxb7 Rg2+ 38. Kf1 Rxh2 39. Qd7 Rxa2 40. Qg7+ Kf5 41. Qf7+ Kg5 42. Qe7+ Kf5 43. Bg8 Ne2 44. Bh7+ Kf4 45. Qf6+ Kg3 46. Qxe5+ Kxf3 47. Be4+ Ke3 48. Bb1+ Kd2 49. Qxe2+ Kc1 50. Qxa2 a5 51. Qc2# 1-0

[Event "*** Titled Tuesday Blitz"]
[Site "Chess.com"]
[Date "2020.12.01"]
[Round "3"]
[White "Natalya_Buksa"]
[Black "Perecke"]
[Result "0-1"]
[WhiteElo "2574"]
[BlackElo "2392"]
[TimeControl "180+1"]
[EndTime "10:28:34 PST"]
[Termination "Perecke won by checkmate"]

1. d4 d5 2. Nc3 Nf6 3. Bf4 a6 4. e3 Bf5 5. Nf3 e6 6. Ne5 Nbd7 7. g4 Bg6 8. h4 h5 9. Nxg6 fxg6 10. Bd3 Kf7 11. g5 Ne8 12. Qf3 Kg8 13. Bxg6 Bd6 14. O-O-O Bxf4 15. Qxf4 Nd6 16. e4 Nf8 17. Bxh5 Rxh5 18.
exd5 Qd7 19. Qf3 Qf7 20. Qg4 exd5 21. Rh3 c6 22. Rf3 Rxh4 23. Qg3 Qh5 24. Rxf8+ Rxf8 25. Qxd6 Rh1 26. Qe6+ Kh8 27. Qe3 Rxd1+ 28. Nxd1 Qf3 29. Qe7 Qf7 30. Qe1 Qf4+ 31. Kb1 Qxg5 32. a3 Qf6 33. Qh1+ Kg8 34. Qh3 Re8 35. Ne3 Qxd4 36. Qh5 Qe4 37.
Ka2 Qe5 38. Qg6 d4 39. Ng4 Qe6+ 40. Qxe6+ Rxe6 41. Kb3 Re2 42. f3 b5 43. c3 d3 44. a4 c5 45. axb5 axb5 46. c4 bxc4+ 47. Kc3 Rc2# 0-1

[Event "*** Titled Tuesday Blitz"]
[Site "Chess.com"]
[Date "2020.12.01"]
[Round "3"]
[White "nikitadovbnya2008"]
[Black "orestn"]
[Result "1-0"]
[WhiteElo "2179"]
[BlackElo "2324"]
[TimeControl "180+1"]
[EndTime "10:28:34 PST"]
[Termination "nikitadovbnya2008 won by checkmate"]

1. d4 d5 2. c4 e6 3. Nc3 f5 4.
Nf3 Nf6 5. e3 Be7 6. Bd3 O-O 7.
O-O c6 8. b3 Ne4 9. Bb2 Nd7 10.
Ne2 Bf6 11. Ne5 Re8 12. f3 Nd6 13. Rc1 g6 14. Kh1 Nf7 15. f4 Nd6 16. g4 Ne4 17. cxd5 cxd5 18. g5 Bg7 19. Nc3 Nxe5 20. dxe5 Bd7 21.
Ne2 Qa5 22. Bxe4 fxe4 23. a4 Rec8 24. Bc3 Qb6 25. Bd4 Qb4 26. Nc3 Bc6 27. h4 a6 28. Qg4 Qe7 29. a5 Bd7 30. h5 Kf7 31. Qg3 Bf8 32. f5 exf5 33. Nxd5 Qe6 34. Nc7 Rxc7 35.
Rxc7 Be7 36. Rfc1 Rb8 37. Bc5 Qxb3 38. Rxd7 Re8 39. Bxe7 Rxe7 40. Rxe7+ Kxe7 41. hxg6 hxg6 42. e6 Qa3 43. Qc7+ Kxe6 44. Qb6+ Kd5 45. Rd1+ Ke5 46.
Qf6# 1-0

[Event "*** Titled Tuesday Blitz"]
[Site "Chess.com"]
[Date "2020.12.01"]
[Round "3"]
[White "Konavets"]
[Black "Reader777"]
[Result "1-0"]
[WhiteElo "3014"]
[BlackElo "2685"]
[TimeControl "180+1"]
[EndTime "10:28:35 PST"]
[Termination "Konavets won on time"]

1. e4 c5 2. Nf3 d6 3. Nc3 Nc6 4. d4 cxd4 5. Nxd4 e6 6. f4 a6 7.
Be3 Nf6 8. Qf3 Bd7 9. O-O-O Qc7 10. g4 Nxd4 11. Rxd4 Bc6 12. g5 Nd7 13. f5 Be7 14. Bh3 Ne5 15. Qg3 exf5 16. Bxf5 g6 17. Bg4 b5 18. Kb1 Rb8 19. Rf1 b4 20. Nd5 Bxd5 21.
exd5 O-O 22. h4 Nxg4 23. Rxg4 Rbc8 24. Rf2 Qb7 25. Rd2 Rfe8 26. h5 Bf8 27. h6 Re5 28. Bd4 Rxd5 29. Qf3 Rf5 30. Qe2 Re8 31. Qd1 Qf3 32.
b3 Re1 33. Qxe1 Qxg4 34. Bf6 Qh3 35. Rd1 Qg2 36. Qxb4 d5 37. Qb8 Qe2 38. Rc1 Qb5 39. Qc8 Qb4 40. Rd1 Qd6 41. Bg7 Qe7 42. Bxf8 Qxf8 43. Qd7 Rxg5 44. Rh1 Rf5 45. Qa7 Qc8 46. Qd4 Qf8 47. Re1 Rg5 48. Re8 1-0

[Event "*** Titled Tuesday Blitz"]
[Site "Chess.com"]
[Date "2020.12.01"]
[Round "3"]
[White "Ginger_GM"]
[Black "BillieKimbah"]
[Result "1-0"]
[WhiteElo "2621"]
[BlackElo "2843"]
[TimeControl "180+1"]
[EndTime "10:28:35 PST"]
[Termination "Ginger_GM won on time"]

1. d4 d5 2. c4 c6 3. Nc3 e6 4. e4 Bb4 5. Bd3 dxe4 6. Bxe4 Nf6 7. Bc2 c5 8. a3 Ba5 9. Nf3 Nc6 10. dxc5 Bxc3+ 11. bxc3 Qa5 12. O-O Qxc5 13. Be3 Qa5 14. Qd6 Qd8 15. Bc5 Qxd6 16. Bxd6 Bd7 17. c5 O-O-O 18.
Rab1 Ne8 19. Bg3 f6 20. Rb2 Na5 21. Nd4 e5 22. Nb5 a6 23. Nd6+ Nxd6 24. cxd6 Nc4 25. Rb4 Nxd6 26. f4 exf4 27. Bxf4 Be6 28. Rfb1 b5 29. a4 Nc4 30. axb5 a5 31. Ra4 g5 32.
Bg3 Rd2 33. Bb3 Bd5 34. Bxc4 Bxg2 35. Bf1 Bb7 36. c4 f5 37. c5 Be4 38. Rc1 Rhd8 39. c6 Rd1 40. Rxa5 f4 41. b6 Bxc6 42. Rxc6+ Kb7 43.
Rf6 fxg3 44. Ra7+ Kb8 45. hxg3 h5 46. Rff7 h4 47. gxh4 gxh4 48. Kf2 R8d2+ 49. Be2 h3 50. Rf8+ Rd8 51. Rxd8+ Rxd8 52. Bf3 1-0

[Event "*** Titled Tuesday Blitz"]
[Site "Chess.com"]
[Date "2020.12.01"]
[Round "3"]
[White "Abdimalik_Abdisalimov"]
[Black "pedromartinez91"]
[Result "1/2-1/2"]
[WhiteElo "2726"]
[BlackElo "2441"]
[TimeControl "180+1"]
[EndTime "10:28:35 PST"]
[Termination "Game drawn by repetition"]

1. d4 Nf6 2. c4 g6 3. f3 e5 4.
dxe5 Nh5 5. Nh3 Nc6 6. Nf2 Nxe5 7. Nc3 Bg7 8. e4 O-O 9. Be2 d6 10. f4 Nc6 11. Bxh5 gxh5 12. f5 Qh4 13. Nd5 Bd4 14. g3 Qd8 15. Bh6 Re8 16. Qxh5 Ne7 17.
O-O-O Be5 18. Bg5 Qd7 19. Nxe7+ Rxe7 20. Bxe7 Qxe7 21. Rhe1 Bd7 22. Ng4 Ba4 23. Rd5 f6 24. Nxe5 dxe5 25. Rd2 Rf8 26. g4 Qc5 27. b3 b5 28. bxa4 bxc4 29. g5 c3 30. Rc2 Qa3+ 31.
Kb1 Rb8+ 32. Ka1 Qxa4 33. Rec1 Rb2 34. Rxb2 cxb2+ 35. Kxb2 Qb4+ 36. Ka1 Qd4+ 37. Kb1 Qb4+ 38. Ka1 Qd4+ 39. Kb1 Qb4+ 40. Ka1 1/2-1/2

[Event "*** Titled Tuesday Blitz"]
[Site "Chess.com"]
[Date "2020.12.01"]
[Round "3"]
[White "coco_crc"]
[Black "Leo_C"]
[Result "0-1"]
[WhiteElo "2182"]
[BlackElo "2373"]
[TimeControl "180+1"]
[EndTime "10:28:35 PST"]
[Termination "Leo_C won by resignation"]

1. e4 c6 2. d4 d5 3. exd5 cxd5 4. c4 Nf6 5. Nc3 Nc6 6. Nf3 a6 7. cxd5 Nxd5 8. Bc4 Be6 9. Qb3 Na5 10. Qa4+ Bd7 11. Qxa5 Qxa5 12. Bxd5 e6 13. Bb3 Bc6 14. O-O Bxf3 15.
gxf3 Be7 16. Be3 Qh5 17. Kg2 Bd6 18. h3 O-O 19. Ne4 Be7 20. Rac1 Rac8 21. Nc5 Bxc5 22. dxc5 Qe5 23. Rc2 Rfd8 24. Rfc1 h6 25. a3 Rd3 26. Bc4 Rxe3 27. fxe3 Qxe3 28. Be2 Rd8 29. Bxa6 bxa6 30. c6 Qg5+ 31. Kh1 Qg3 32. c7 Qxf3+ 33. Kh2 Qf4+ 34. Kh1 Rc8 35. b4 e5 36. Rc4 Qf3+ 37. Kh2 e4 38.
a4 e3 39. R4c2 e2 40. Kg1 Qg3+ 41. Kh1 Qf2 0-1

[Event "*** Titled Tuesday Blitz"]
[Site "Chess.com"]
[Date "2020.12.01"]
[Round "3"]
[White "Nachsueb"]
[Black "forbiddendesire"]
[Result "1-0"]
[WhiteElo "2190"]
[BlackElo "2321"]
[TimeControl "180+1"]
[EndTime "10:28:36 PST"]
[Termination "Nachsueb won on time"]

1. c4 g6 2. Nc3 Bg7 3. e4 d6 4. d4 Nc6 5. Be3 e5 6. d5 Nd4 7. Nge2 Bg4 8. f3 Nxe2 9. Bxe2 Bd7 10. O-O f5 11. exf5 gxf5 12. f4 e4 13. Bh5+ Kf8 14. c5 Nf6 15. Be2 h5 16. Qb3 b6 17.
cxd6 cxd6 18. Nb5 Ng4 19. Bxg4 hxg4 20. g3 Qf6 21. Bd4 Qxd4+ 22. Nxd4 Bxd4+ 23. Kg2 Ke7 24. Rac1 Rac8 25. Rc4 Bc5 26. Rfc1 Rh3 27. Qc3 Rch8 28. Qg7+ Kd8 29. Rh1 e3 30. b4 e2 31. Qf6+ Kc7 32.
Qxh8 Rxh8 33. bxc5 bxc5 34. Kf2 Bb5 35. Rc2 Kb6 36.
Rb2 Ka6 37. a4 Bxa4 38. Rxe2 1-0

[Event "*** Titled Tuesday Blitz"]
[Site "Chess.com"]
[Date "2020.12.01"]
[Round "3"]
[White "scoopbh"]
[Black "Mambastik-Fantastic"]
[Result "0-1"]
[WhiteElo "2066"]
[BlackElo "2308"]
[TimeControl "180+1"]
[EndTime "10:28:36 PST"]
[Termination "Mambastik-Fantastic won by resignation"]

1. e4 c5 2. Nf3 d6 3. d4 cxd4 4. Nxd4 Nf6 5. Nc3 a6 6. h3 e5 7. Nde2 g6 8. Bg5 Bg7 9. Qd2 O-O 10. O-O-O Nbd7 11. g4 b5 12. h4 Bb7 13. f3 b4 14. Nd5 Bxd5 15. exd5 Qa5 16. Kb1 e4 17.
Ng3 exf3 18. h5 Nxg4 19. hxg6 fxg6 20. Bh3 Nde5 21. Ne4 Qc7 22. Rdg1 h5 23. Bxg4 Nxg4 24. Rxg4 hxg4 25. Qh2 Rac8 26. Nxd6 Qxc2+ 27. Qxc2 Rxc2 28. Kxc2 f2 29. Ne4 f1=Q 30. Rxf1 Rxf1 31. d6 Bd4 32. d7 Bb6 33. d8=Q+ Bxd8 34. Bxd8 Kf7 35. Bc7 Ke6 36. Kb3 Re1 37. Ng3 Rb1 38. Bf4 Kd5 39.
Bd2 a5 40. Kc2 Rg1 41. Ne2 Rg2 42. Nf4+ Ke4 43. Nxg2 Kf3 44. Ne1+ Kf2 45. Kd3 g3 46. Ke4 Ke2 47. Ng2 Kxd2 48. Kf3 Kc2 49. Kxg3 Kxb2 50. Kf3 Kxa2 51. Ke3 b3 52. Kd3 b2 53. Ne1 b1=Q+ 0-1

[Event "*** Titled Tuesday Blitz"]
[Site "Chess.com"]
[Date "2020.12.01"]
[Round "3"]
[White "Ermito2020"]
[Black "vugarrasulov"]
[Result "1-0"]
[WhiteElo "2608"]
[BlackElo "2883"]
[TimeControl "180+1"]
[EndTime "10:28:38 PST"]
[Termination "Ermito2020 won by resignation"]

1. e4 c5 2. Nf3 d6 3. d4 cxd4 4. Nxd4 Nf6 5. Nc3 a6 6. Nb3 g6 7.
Be2 Bg7 8. Be3 O-O 9. g4 b5 10. e5 dxe5 11. Qxd8 Rxd8 12. Bf3 b4 13. g5 Ng4 14.
Bxa8 Nxe3 15. fxe3 bxc3 16. bxc3 h6 17. gxh6 Bxh6 18.
Kf2 Nd7 19. Rad1 Rf8 20. Bf3 Nf6 21. c4 Bf5 22. Rd2 Rc8 23. c5 a5 24. Rhd1 Kg7 25. Bb7 Rc7 26. c6 Ne4+ 27. Kg2 Nxd2 28. Rxd2 Bxe3 29. Re2 Bb6 30. Rxe5 a4 31. Nc5 Kf6 32. Rd5 Bxc2 33. Nd7+ Ke6 34. Re5+ Kd6 35. Re2 Rxc6 36. Bxc6 Bf5 37. Nxb6 Kxc6 38. Nxa4 Kd6 39. Nc3 e5 40. a4 Bc8 41. Nb5+ Ke6 42. a5 Bb7+ 43. Kg3 f5 44. a6 f4+ 45. Kf2 Bxa6 46. Nc7+ Kf5 47.
Nxa6 e4 48. Nc5 e3+ 49. Kf3 g5 50. h3 1-0